UAA
TACOMA FUR TRADERS @ DURHAM RAPIERS
05/31/2017
 
TOP OF THE 1ST
Tacoma Fur Traders batting - Pitching for Durham Rapiers : RHP Sam MacKerras
Pitching: RHP Sam MacKerras
Batting: RHB Hiwahikeiki Noelani 0-0: Called Strike
0-1: Ball
1-1: Called Strike
1-2: Strikes out looking
Batting: RHB Johnny Bryant 0-0: Fly out, F7 (Line Drive, 7LS)
Batting: LHB Mike Gardner 0-0: Called Strike
0-1: Ground out 4-3 (Groundball, 4)
Top of the 1st over - 0 run(s), 0 hit(s), 0 error(s), 0 left on base; Tacoma 0 - Durham 0
BOTTOM OF THE 1ST
Durham Rapiers batting - Pitching for Tacoma Fur Traders : RHP Neil Gilliam
Pitching: RHP Neil Gilliam
Batting: RHB Kevin Sanderson 0-0: Fly out, F9 (Flyball, 89M)
Batting: RHB Caleb Lee 0-0: Ball
1-0: Ball
2-0: Ball
3-0: Called Strike
3-1: Foul Ball, location: 2F
3-2: Foul Ball, location: 2F
3-2: Strikes out looking
Batting: RHB Julián Guzmán 0-0: Ball
1-0: Foul Ball, location: 2F
1-1: Swinging Strike
1-2: Fly out, F8 (Flyball, 8LD)
Bottom of the 1st over - 0 run(s), 0 hit(s), 0 error(s), 0 left on base; Tacoma 0 - Durham 0
TOP OF THE 2ND
Tacoma Fur Traders batting - Pitching for Durham Rapiers : RHP Sam MacKerras
Batting: RHB Brett Robinson 0-0: Ball
1-0: Ball
2-0: Called Strike
2-1: Fly out, F9 (Flyball, 9M)
Batting: RHB Ramiro Ibarra 0-0: Ball
1-0: Ball
2-0: Ball
3-0: Base on Balls
Batting: RHB Mo Zhou 0-0: Ground out 3-1 (Groundball, 34)
Ramiro Ibarra to second
Batting: RHB Mike Daniels 0-0: Called Strike
0-1: Foul Ball, location: 2F
0-2: Ball
1-2: Foul Ball, location: 2F
1-2: Foul Ball, location: 2F
1-2: Ball
2-2: Ball
3-2: SINGLE (Line Drive, 6M)
Ramiro Ibarra to third
Ramiro Ibarra scores
Batting: RHB Dale Blair 0-0: Ball
1-0: Ball
2-0: Ball
3-0: Base on Balls
Mike Daniels to second
Batting: RHB Joe Craig 0-0: Called Strike
0-1: Fly out, F8 (Flyball, 8RM)
Top of the 2nd over - 1 run(s), 1 hit(s), 0 error(s), 2 left on base; Tacoma 1 - Durham 0
BOTTOM OF THE 2ND
Durham Rapiers batting - Pitching for Tacoma Fur Traders : RHP Neil Gilliam
Batting: LHB Pat McJannett 0-0: SINGLE (Groundball, 34D)
Batting: SHB Vernon Thomas 0-0: Ball
1-0: Called Strike
1-1: Ball
2-1: Called Strike
2-2: Foul Ball, location: 2F
2-2: Foul Ball, location: 2F
2-2: Ball
3-2: Base on Balls
Pat McJannett to second
Batting: RHB Robby Thomas 0-0: Called Strike
0-1: Ball
1-1: Foul Ball, location: 2F
1-2: Ball
2-2: Ball
3-2: Base on Balls
Pat McJannett to third
Vernon Thomas to second
Batting: LHB David Cross 0-0: Called Strike
0-1: Foul Ball, location: 2F
0-2: Strikes out swinging
Batting: LHB Evan Nelson 0-0: Swinging Strike
0-1: Ball
1-1: Ball
2-1: SINGLE (Line Drive, 78S)
Pat McJannett scores
Vernon Thomas to third
Robby Thomas to second
Runner from 3rd tries for Home, SAFE, throw made at trailing runner, OUT at third!
Batting: LHB Gonzalo Féliz 0-0: Called Strike
0-1: Foul Ball, location: 2F
0-2: Foul Ball, location: 2F
0-2: Foul Ball, location: 2F
0-2: Ball
1-2: Ball
2-2: Ground out U3 (Groundball, 3)
Bottom of the 2nd over - 2 run(s), 2 hit(s), 0 error(s), 1 left on base; Tacoma 1 - Durham 2
TOP OF THE 3RD
Tacoma Fur Traders batting - Pitching for Durham Rapiers : RHP Sam MacKerras
Batting: RHB Hiwahikeiki Noelani 0-0: Ball
1-0: Foul Ball, location: 2F
1-1: Foul Ball, location: 2F
1-2: Foul Ball, location: 2F
1-2: Foul Ball, location: 2F
1-2: Ball
2-2: Fly out, F7 (Flyball, 78XD)
Batting: RHB Johnny Bryant 0-0: Ball
1-0: Ball
2-0: Foul Ball, location: 2F
2-1: Ball
3-1: Foul Ball, location: 2F
3-2: Base on Balls
Batting: LHB Mike Gardner 0-0: Ball
1-0: Ball
2-0: Ball
3-0: Called Strike
3-1: Swinging Strike
3-2: Foul Ball, location: 2F
3-2: Strikes out looking
Batting: RHB Brett Robinson 0-0: Called Strike
0-1: Ground out 5-3 (Groundball, 56)
Top of the 3rd over - 0 run(s), 0 hit(s), 0 error(s), 1 left on base; Tacoma 1 - Durham 2
BOTTOM OF THE 3RD
Durham Rapiers batting - Pitching for Tacoma Fur Traders : RHP Neil Gilliam
Batting: RHB Kevin Sanderson 0-0: Foul Ball, location: 2F
0-1: Ball
1-1: Swinging Strike
1-2: Strikes out looking
Batting: RHB Caleb Lee 0-0: Ball
1-0: Ball
2-0: Ball
3-0: Foul Ball, location: 2F
3-1: Base on Balls
Batting: RHB Julián Guzmán 0-0: Called Strike
0-1: Called Strike
0-2: Ball
1-2: Foul Ball, location: 2F
1-2: Ball
2-2: Foul Ball, location: 2F
2-2: Ball
Reached via error on a dropped throw, E3
Caleb Lee to second
Batting: LHB Pat McJannett 0-0: Swinging Strike
0-1: Called Strike
0-2: Ball
1-2: Ball
Wild Pitch!
Caleb Lee to third
Julián Guzmán to second
2-2: Foul Ball, location: 2F
2-2: Foul Ball, location: 2F
2-2: Fly out, F2 (Popup, 25F)
Batting: SHB Vernon Thomas 0-0: Fly out, F6 (Line Drive, 6M)
Bottom of the 3rd over - 0 run(s), 0 hit(s), 1 error(s), 2 left on base; Tacoma 1 - Durham 2
TOP OF THE 4TH
Tacoma Fur Traders batting - Pitching for Durham Rapiers : RHP Sam MacKerras
Batting: RHB Ramiro Ibarra 0-0: Called Strike
0-1: Ball
1-1: Called Strike
1-2: Ground out 4-3 (Groundball, 4)
Batting: RHB Mo Zhou 0-0: Called Strike
0-1: Fly out, F4 (Line Drive, 4)
Batting: RHB Mike Daniels 0-0: Ball
1-0: Called Strike
1-1: Swinging Strike
1-2: Foul Ball, location: 2F
1-2: SINGLE (Groundball, 34D)
Batting: RHB Dale Blair 0-0: Ball
1-0: Ball
2-0: Foul Ball, location: 2F
2-1: Fly out, F6 (Popup, 6)
Top of the 4th over - 0 run(s), 1 hit(s), 0 error(s), 1 left on base; Tacoma 1 - Durham 2
BOTTOM OF THE 4TH
Durham Rapiers batting - Pitching for Tacoma Fur Traders : RHP Neil Gilliam
Batting: RHB Robby Thomas 0-0: Ball
1-0: Ball
2-0: Ball
3-0: Base on Balls
Batting: LHB David Cross 0-0: Foul Ball, location: 2F
0-1: Ball
1-1: Fly out, F8 (Flyball, 8RM)
Batting: LHB Evan Nelson 0-0: Ball
1-0: Foul Ball, location: 2F
1-1: Foul Ball, location: 2F
1-2: Strikes out looking
Batting: LHB Gonzalo Féliz 0-0: Foul Ball, location: 2F
0-1: Ball
1-1: Ball
2-1: Ball
3-1: Fly out, F7 (Flyball, 78S)
Bottom of the 4th over - 0 run(s), 0 hit(s), 0 error(s), 1 left on base; Tacoma 1 - Durham 2
TOP OF THE 5TH
Tacoma Fur Traders batting - Pitching for Durham Rapiers : RHP Sam MacKerras
Batting: RHB Joe Craig 0-0: Ball
1-0: Fly out, F4 (Popup, 9LS)
Batting: RHB Hiwahikeiki Noelani 0-0: Swinging Strike
0-1: Ball
1-1: Ball
2-1: Fly out, F5 (Line Drive, 5)
Batting: RHB Johnny Bryant 0-0: Ball
1-0: Ball
2-0: SINGLE (Line Drive, 4M)
Batting: LHB Mike Gardner 0-0: Ball
1-0: Foul Ball, location: 2F
1-1: Foul Ball, location: 2F
1-2: Ball
2-2: Strikes out swinging
Top of the 5th over - 0 run(s), 1 hit(s), 0 error(s), 1 left on base; Tacoma 1 - Durham 2
BOTTOM OF THE 5TH
Durham Rapiers batting - Pitching for Tacoma Fur Traders : RHP Neil Gilliam
Batting: RHB Kevin Sanderson 0-0: Ball
1-0: Called Strike
1-1: Foul Ball, location: 2F
1-2: Ball
2-2: Fly out, F8 (Flyball, 8LM)
Batting: RHB Caleb Lee 0-0: Called Strike
0-1: Ball
1-1: Ball
2-1: Ball
3-1: Ground out 5-3 (Groundball, 15S)
Batting: RHB Julián Guzmán 0-0: Called Strike
0-1: Ball
1-1: Called Strike
1-2: SINGLE (Line Drive, 78S)
Batting: LHB Pat McJannett 0-0: Ball
1-0: Ball
2-0: Ball
3-0: Called Strike
3-1: Base on Balls
Julián Guzmán to second
Batting: SHB Vernon Thomas 0-0: Ball
1-0: SINGLE (Groundball, 13) (infield hit)
Julián Guzmán to third
Pat McJannett to second
Batting: RHB Robby Thomas 0-0: Fly out, F7 (Flyball, 7M)
Bottom of the 5th over - 0 run(s), 2 hit(s), 0 error(s), 3 left on base; Tacoma 1 - Durham 2
TOP OF THE 6TH
Tacoma Fur Traders batting - Pitching for Durham Rapiers : RHP Sam MacKerras
Batting: RHB Brett Robinson 0-0: Fly out, F8 (Flyball, 8LD)
Batting: RHB Ramiro Ibarra 0-0: Ball
1-0: Ball
2-0: Ball
3-0: Called Strike
3-1: Base on Balls
Batting: RHB Mo Zhou 0-0: Ball
1-0: Ball
2-0: Ball
3-0: Base on Balls
Ramiro Ibarra to second
Batting: RHB Mike Daniels 0-0: Foul Ball, location: 2F
0-1: Foul Ball, location: 2F
0-2: Reached on error, E5 (Groundball, 5)
Ramiro Ibarra to third
Mo Zhou to second
Batting: RHB Dale Blair 0-0: Swinging Strike
0-1: Ball
1-1: Foul Ball, location: 2F
1-2: Strikes out swinging
Batting: RHB Joe Craig 0-0: Foul Ball, location: 2F
0-1: DOUBLE (Groundball, 5L)
Ramiro Ibarra scores
Mo Zhou scores
Mike Daniels to third
Batting: RHB Hiwahikeiki Noelani 0-0: Called Strike
0-1: Ball
1-1: Swinging Strike
1-2: Ball
2-2: SINGLE (Groundball, 34)
Mike Daniels scores
Joe Craig to third
Runner from 3rd tries for Home, SAFE, no throw or cutoff
Pitching: RHP Timothy Jackson
Batting: RHB Johnny Bryant 0-0: Ball
1-0: Foul Ball, location: 2F
1-1: Swinging Strike
1-2: Ball
2-2: SINGLE (Groundball, 4M)
Hiwahikeiki Noelani to second
Batting: LHB Mike Gardner 0-0: Ball
1-0: Foul Ball, location: 2F
1-1: Called Strike
1-2: Strikes out looking
Top of the 6th over - 4 run(s), 3 hit(s), 1 error(s), 2 left on base; Tacoma 5 - Durham 2
BOTTOM OF THE 6TH
Durham Rapiers batting - Pitching for Tacoma Fur Traders : RHP Neil Gilliam
Batting: LHB David Cross 0-0: Called Strike
0-1: Ball
1-1: Ball
2-1: Foul Ball, location: 2F
2-2: Ball
3-2: Ground out U3 (Groundball, 3)
Batting: LHB Evan Nelson 0-0: SINGLE (Groundball, 4M)
Pitching: RHP Wally Nelson
Batting: LHB Gonzalo Féliz 0-0: Ball
Wild Pitch!
Evan Nelson to second
1-0: Foul Ball, location: 2F
1-1: Foul Ball, location: 2F
1-2: Ball
2-2: Strikes out swinging
Batting: RHB Kevin Sanderson 0-0: Foul Ball, location: 2F
0-1: Ball
1-1: Called Strike
1-2: Ball
2-2: Strikes out swinging
Bottom of the 6th over - 0 run(s), 1 hit(s), 0 error(s), 1 left on base; Tacoma 5 - Durham 2
TOP OF THE 7TH
Tacoma Fur Traders batting - Pitching for Durham Rapiers : RHP Timothy Jackson
Batting: RHB Brett Robinson 0-0: Called Strike
0-1: Ball
1-1: Ball
2-1: Ball
3-1: Base on Balls
Batting: RHB Ramiro Ibarra 0-0: Ball
1-0: Called Strike
1-1: Ball
2-1: Ball
3-1: Called Strike
3-2: Foul Ball, location: 2F
3-2: Strikes out swinging
Batting: RHB Mo Zhou 0-0: Ball
1-0: Swinging Strike
1-1: Swinging Strike
1-2: Strikes out looking
Batting: RHB Mike Daniels 0-0: Ball
1-0: Ball
2-0: Ball
3-0: Base on Balls
Brett Robinson to second
Batting: RHB Dale Blair 0-0: Ball
1-0: Ball
2-0: Called Strike
2-1: Ball
3-1: Base on Balls
Brett Robinson to third
Mike Daniels to second
Pinch Hitting: RHB Leonardo Sánchez 0-0: Ball
1-0: Called Strike
1-1: Ball
2-1: Swinging Strike
2-2: Ball
3-2: SINGLE (Line Drive, 56)
Brett Robinson scores
Mike Daniels to third
Dale Blair to second
Mike Daniels scores
Dale Blair to third
Pitching: LHP R.J. Case
Batting: RHB Hiwahikeiki Noelani 0-0: Ball
1-0: Called Strike
1-1: Fly out, F9 (Flyball, 89M)
Top of the 7th over - 2 run(s), 1 hit(s), 0 error(s), 2 left on base; Tacoma 7 - Durham 2
BOTTOM OF THE 7TH
Durham Rapiers batting - Pitching for Tacoma Fur Traders : RHP Wally Nelson
Now at 1B: Leonardo Sánchez
Now in CF: Scott Alexander
Batting: RHB Caleb Lee 0-0: Ball
1-0: Foul Ball, location: 2F
1-1: Ball
2-1: Ground out 6-3 (Groundball, 6M)
Batting: RHB Julián Guzmán 0-0: Ball
1-0: Ground out 6-3 (Groundball, 6)
Batting: LHB Pat McJannett 0-0: Ball
1-0: Ball
2-0: Called Strike
2-1: Called Strike
2-2: Ball
3-2: Foul Ball, location: 2F
3-2: Base on Balls
Batting: SHB Vernon Thomas 0-0: Ball
1-0: Called Strike
1-1: SINGLE (Line Drive, 3D)
Pat McJannett to second
Batting: RHB Robby Thomas 0-0: Called Strike
0-1: Foul Ball, location: 2F
0-2: Fielders Choice at 2nd, U4 (Groundball, 4M)
Bottom of the 7th over - 0 run(s), 1 hit(s), 0 error(s), 2 left on base; Tacoma 7 - Durham 2
TOP OF THE 8TH
Tacoma Fur Traders batting - Pitching for Durham Rapiers : LHP R.J. Case
Batting: RHB Johnny Bryant 0-0: Foul Ball, location: 2F
0-1: Ball
1-1: Fly out, F5 (Popup, 15)
Batting: LHB Mike Gardner 0-0: Ball
1-0: Swinging Strike
1-1: Ball
2-1: Foul Ball, location: 2F
2-2: Foul Ball, location: 2F
2-2: Foul Ball, location: 2F
2-2: Ball
3-2: Strikes out swinging
Batting: RHB Brett Robinson 0-0: Ball
1-0: Swinging Strike
1-1: Ball
2-1: Swinging Strike
2-2: Ball
3-2: Ground out 5-3 (Groundball, 5S)
Top of the 8th over - 0 run(s), 0 hit(s), 0 error(s), 0 left on base; Tacoma 7 - Durham 2
BOTTOM OF THE 8TH
Durham Rapiers batting - Pitching for Tacoma Fur Traders : RHP Wally Nelson
Batting: LHB David Cross 0-0: Foul Ball, location: 2F
0-1: Ball
1-1: Called Strike
1-2: Foul Ball, location: 2F
1-2: Fly out, F7 (Flyball, 78M)
Pitching: RHP Gabriel Hidalgo
Batting: LHB Evan Nelson 0-0: Ball
1-0: Called Strike
1-1: Ground out 6-3 (Groundball, 56)
Batting: LHB Gonzalo Féliz 0-0: Called Strike
0-1: Called Strike
0-2: Ball
1-2: Ball
2-2: SINGLE (Groundball, 4MD)
Batting: RHB Kevin Sanderson 0-0: Ball
1-0: Ground out 1-3 (Groundball, 15)
Bottom of the 8th over - 0 run(s), 1 hit(s), 0 error(s), 1 left on base; Tacoma 7 - Durham 2
TOP OF THE 9TH
Tacoma Fur Traders batting - Pitching for Durham Rapiers : LHP R.J. Case
Batting: RHB Ramiro Ibarra 0-0: Foul Ball, location: 2F
0-1: Swinging Strike
0-2: Ball
1-2: Ball
2-2: Foul Ball, location: 2F
2-2: SOLO HOME RUN (Flyball, 7D), Distance : 389 ft
Batting: RHB Mo Zhou 0-0: Swinging Strike
0-1: Ball
1-1: Ball
2-1: Called Strike
2-2: Strikes out swinging
Batting: RHB Mike Daniels 0-0: Ball
1-0: Ball
2-0: Foul Ball, location: 2F
2-1: Called Strike
2-2: Ball
3-2: Base on Balls
Batting: RHB Dale Blair 0-0: Ball
1-0: Foul Ball, location: 2F
1-1: Ground out 3-1 (Groundball, 34S)
Mike Daniels to second
Batting: RHB Leonardo Sánchez 0-0: Swinging Strike
0-1: Ball
1-1: Foul Ball, location: 2F
1-2: Foul Ball, location: 2F
1-2: Ball
2-2: Foul Ball, location: 2F
2-2: Fly out, F7 (Flyball, 78D)
Top of the 9th over - 1 run(s), 1 hit(s), 0 error(s), 1 left on base; Tacoma 8 - Durham 2
BOTTOM OF THE 9TH
Durham Rapiers batting - Pitching for Tacoma Fur Traders : RHP Gabriel Hidalgo
Batting: RHB Caleb Lee 0-0: Ball
1-0: Foul Ball, location: 2F
1-1: Foul Ball, location: 2F
1-2: Ball
2-2: Foul Ball, location: 2F
2-2: Ground out 5-3 (Groundball, 5)
Batting: RHB Julián Guzmán 0-0: Ground out 5-3 (Groundball, 5)
Batting: LHB Pat McJannett 0-0: Ball
1-0: Called Strike
1-1: Ball
2-1: Ball
3-1: Foul Ball, location: 2F
3-2: Base on Balls
Batting: SHB Vernon Thomas 0-0: Called Strike
0-1: Fly out, F9 (Flyball, 9S)
Bottom of the 9th over - 0 run(s), 0 hit(s), 0 error(s), 1 left on base; Tacoma 8 - Durham 2
This league is powered by Out of the Park Baseball, the baseball management simulation game for PC, Mac and Linux
Saturday, February 27th, 2021 - OOTP Baseball 15.6 Build 34